 Dungeon Crawl Stone Soup version 0.30-a0-718-geaa24f58ff (webtiles) character file.

Game seed: 18434024335384327833

19 Absynth the Grave Robber (level 2, -1/15 HPs)
             Began as a Deep Elf Necromancer on Jan 25, 2023.
             Slain by a hobgoblin
             ... wielding a +0 mace
              (10 damage)
             ... on level 1 of the Dungeon.
             The game lasted 00:01:47 (243 turns).

Absynth the Grave Robber (Deep Elf Necromancer)      Turns: 243, Time: 00:01:47

Health: -1/15      AC:  2    Str:  5    XL:     2   Next: 55%
Magic:  1/8        EV: 13    Int: 19    God:
Gold:   20         SH:  0    Dex: 15    Spells: 6/7 levels left

rFire   . . .      SeeInvis .    (no weapon)
rCold   . . .      Faith    .    (no shield)
rNeg    . . .      Spirit   .    a - +0 robe
rPois   .          Reflect  .    (no helmet)
rElec   .          Harm     .    (no cloak)
rCorr   .          Rampage  .    (no gloves)
Will    .....                    (no boots)
Stlth   ++                       (no amulet)
HPRegen 0.22/turn                (no ring)
MPRegen 0.11/turn                (no ring)

@: no status effects
A: no striking features
a: no special abilities


You were on level 1 of the Dungeon.
You visited 1 branch of the dungeon, and saw 1 of its levels.

You collected 20 gold pieces.

Inventory:

Armour
 a - a +0 robe (worn)
Jewellery
 e - a +6 ring of strength
Potions
 b - a potion of magic
 c - a potion of curing {unknown}
 d - a potion of flight {unknown}


   Skills:
 + Level 2.9 Dodging
 + Level 2.9 Stealth
 + Level 3.4 Spellcasting
 + Level 5.1 Necromancy


You had 6 spell levels left.
You knew the following spells:

 Your Spells              Type           Power      Damage    Failure   Level
a - Necrotise             Necr           88%        1d8       1%          1

Your spell library contained the following spells:

 Spells                   Type           Power      Damage    Failure   Level
 Vampiric Draining        Necr           22%        2d7       5%          3
 Animate Dead             Necr           22%        N/A       19%         4
 Agony                    Necr           22%        N/A       45%         5


Dungeon Overview and Level Annotations

Branches:
Dungeon (1/15)

Altars:


Message History

Aiming: Necrotise (safe; 1% risk of failure)
Press: ? - help, Q - select action Shift-Dir - straight line, f/p - gnoll
Aim: a gnoll, wielding a +0 spear (heavily wounded, chance to affect: 86%)
The goblin writhes in agony.
You kill the goblin!
The dead are walking!
You have reached level 2!
Your goblin skeleton hits the gnoll.
The kobold throws a stone.
The stone hits your goblin skeleton.
Aiming: Necrotise (safe; 1% risk of failure)
Press: ? - help, Q - select action Shift-Dir - straight line, f/p - gnoll
Aim: a gnoll, wielding a +0 spear (heavily wounded, ally target, chance to affect: 86%)
The gnoll writhes in agony.
Your goblin skeleton completely misses the gnoll.
The gnoll completely misses you.
The kobold throws a stone.
The stone barely misses your goblin skeleton.
The stone hits you but does no damage.
Your goblin skeleton closely misses the gnoll.
The kobold hits your goblin skeleton with a +0 club.
The kobold hits your goblin skeleton with a +0 club.
Your goblin skeleton is destroyed!
Aiming: Necrotise (safe; 1% risk of failure)
Press: ? - help, Q - select action Shift-Dir - straight line, f/p - gnoll
Aim: a gnoll, wielding a +0 spear (severely wounded, chance to affect: 86%)
The gnoll writhes in agony.
Aiming: Necrotise (safe; 1% risk of failure)
Press: ? - help, Q - select action Shift-Dir - straight line, f/p - gnoll
Aim: a gnoll, wielding a +0 spear (severely wounded, chance to affect: 86%)
The gnoll writhes in agony.
You kill the gnoll!
The dead are walking!
The kobold barely misses your gnoll skeleton.
You don't have enough magic to cast this spell.
Unknown command.
You barely miss the hobgoblin.
Your gnoll skeleton barely misses the kobold.
The kobold hits your gnoll skeleton with a +0 club.
The hobgoblin hits you with a +0 mace!
Ouch! That really hurt!
You die...

....###g###... . #.......
####.#.. ###### ####.#..
#####....###########......†
##.....#......K..........(..
..>..........Z)..)..........
#########.##..#<#>##..##.#.#
#..@g.##.###.....###
#.##.##### ##.##.# # #.>###
###>.# # #.##.## #####.##.#
# #.....###.##.....# #
#.##..##>#.#..##.# #
#................#
########...#########
#........###


You could see a hobgoblin, a kobold (ally target) and a friendly gnoll skeleton.

Vanquished Creatures
  A gnoll (D:1)
  2 ball pythons (D:1)
  3 goblins (D:1)
  3 rats (D:1)
9 creatures vanquished.

Vanquished Creatures (collateral kills)
  A ball python (D:1)
1 creature vanquished.

Grand Total: 10 creatures vanquished

Notes
Turn   | Place    | Note
-------+----------+-------------------------------------------
     0 | D:1      | Absynth the Deep Elf Necromancer began the quest for the
                  | Orb.
     0 | D:1      | Reached XP level 1. HP: 10/10 MP: 6/6
   157 | D:1      | Reached skill level 5 in Necromancy
   233 | D:1      | Reached XP level 2. HP: 7/15 MP: 2/8
   243 | D:1      | Slain by a hobgoblin

Illustrated notes

Levels and vault maps discovered:
D:1:      onia_arrival_handbag, layout_basic,
          hellmonk_ecumenical_altar_lost_god, minmay_split_cup_large

Skill      XL: |  1 |
---------------+----+-----
Necromancy     | 5 |  5.1
Dodging        | |  2.9
Stealth        | |  2.9
Spellcasting   | |  3.4

Action                     || total
---------------------------++-------
  Melee: Unarmed           ||    11
   Cast: Necrotise         ||    18
   Stab: Sleeping          ||     1
 Armour: Robe              ||     2
  Dodge: Dodged            ||    12

Table legend: (Time is in decaauts)
 A = Elapsed time spent in this place.
 B = Non-inter-level travel time spent in this place.
 C = Inter-level travel time spent in this place.
 D = Time resting spent in this place.
 E = Time spent auto-exploring this place.
 F = Levels seen in this place.
 G = Mean time per level.
                   A        B        C        D        E       F      G
               +--------+--------+--------+--------+--------+-----+--------+
         Total |    243 |    243 |      0 |      0 |    156 |   1 |  243.0 |
       Dungeon |    243 |    243 |      0 |      0 |    156 |   1 |  243.0 |
               +--------+--------+--------+--------+--------+-----+--------+

Top non-repeatable levels by time:
     D:1: 243 daAuts
